 Dungeon Crawl Stone Soup version 0.31-a0-222-gefeffbb62a (webtiles) character file.

Game seed: 2692688635890697100

50 qw the Shooter (level 3, -5/21 HPs)
             Began as a Gargoyle Hexslinger on July 4, 2023.
             Killed from afar by Sigmund (7 damage)
             ... with a puff of flame
             ... on level 2 of the Dungeon.
             The game lasted 00:00:25 (1236 turns).

qw the Shooter (Gargoyle Hexslinger)                Turns: 1236, Time: 00:00:25

Health: -5/21      AC:  5    Str: 17    XL:     3   Next: 79%
Magic:  4/4        EV: 12    Int: 13    God:
Gold:   19         SH:  0    Dex: 14    Spells: 3/4 levels left

rFire   . . .        Y - +1 sling
rCold   . . .        (no shield)
rNeg    + . .        c - +0 robe
rPois   inf          (no helmet)
rElec   +            (no cloak)
rCorr   .            (no gloves)
SInv    .            (no boots)
Will    .....        (no amulet)
Stlth   +            e - +6 ring of strength
HPRegen 0.23/turn    (no ring)
MPRegen 0.09/turn

%: no passive effects
@: no status effects
A: sickness immunity, AC +3, negative energy resistance 1, electricity
resistance, torment resistance 1, petrification resistance
a: no special abilities


You were on level 2 of the Dungeon.
You visited 1 branch of the dungeon, and saw 2 of its levels.

You collected 19 gold pieces.


Innate Abilities, Weirdness & Mutations

You are immune to sickness and miasma.
Your stone body is resilient. (AC +3)
You are immune to poison.
You resist negative energy. (rN+)
You are resistant to electric shocks. (rElec)
You are resistant to unholy torment.
You are immune to petrification.


   Skills:
 - Level 2.1 Fighting
 + Level 3.5 Ranged Weapons
 - Level 1.5 Dodging
 - Level 1.0 Spellcasting
 - Level 2.6 Hexes


You had 3 spell levels left.
You knew the following spells:

 Your Spells              Type           Power      Damage    Failure   Level
a - Slow                  Hex            28%        N/A       10%         1

Your spell library contained the following spells:

 Spells                   Type           Power      Damage    Failure   Level
 Inner Flame              Hex/Fire       4%         N/A       43%         3
 Portal Projectile        Hex/Tloc       8%         N/A       43%         3
 Cause Fear               Hex            3%         N/A       67%         4

Inventory:

Hand Weapons
 Y - a +1 sling (weapon)
Armour
 c - a +0 robe (worn)
Jewellery
 e - a +6 ring of strength (left hand)
 h - a ring of ice
Scrolls
 b - a scroll of revelation {unknown}
Potions
 d - a potion of enlightenment {unknown}
 g - a potion of mutation {unknown}

Dungeon Overview and Level Annotations

Branches:
Dungeon (2/15)

Altars:

Shops:
D:1 [

Annotations:
D:2 Sigmund


Message History

Enter note:
Enter note: You shoot a sling bullet.
The sling bullet closely misses Sigmund.
Sigmund casts a spell at you. The puff of flame misses you.
You shoot a sling bullet.
The sling bullet closely misses Sigmund.
Sigmund misses you.
You shoot a sling bullet. The sling bullet barely misses Sigmund.
Sigmund hits you from afar with a +0 scythe.
You shoot a sling bullet.
The sling bullet hits Sigmund but does no damage.
Sigmund is lightly wounded.
Sigmund barely misses you.
You shoot a sling bullet. The sling bullet barely misses Sigmund.
Sigmund misses you.
You shoot a sling bullet. The sling bullet barely misses Sigmund.
You shoot a sling bullet.
The sling bullet closely misses Sigmund.
Sigmund hits you from afar with a +0 scythe.
You shoot a sling bullet. The sling bullet hits Sigmund.
Sigmund is moderately wounded.
Sigmund gestures at you while chanting. The magic dart hits you.
You shoot a sling bullet. The sling bullet barely misses Sigmund.
Sigmund hits you from afar with a +0 scythe!
Enter note:
Enter note:
Enter note:
Enter note:
Enter note:
Enter note:
1236 ||| READING scroll labelled BAWUOV MUTTAWECH.
As you read the scroll labelled BAWUOV MUTTAWECH, it crumbles to dust.
The creatures around you are filled with an inner flame!
It was a scroll of immolation.
Sigmund casts a spell at you. The puff of flame hits you!
You die...

.:.....'.# #.#
.......### ##.#.......
....#### #..#.......
###.# #.##....... # #.#
#.# ......# # #.#
########.# ......# ###.#
#........# @.....# ....#
#.#########......#
....###.........@.......
................########
................#
................#
......<.........#
.........%......#
.........#####+##
....###### ......


You could see Sigmund (inner flame).

Vanquished Creatures
  2 adders (D:2)
  An ufetubus (D:2)
  A dart slug (D:1)
  3 endoplasms
  A giant cockroach (D:2)
  A hobgoblin (D:1)
  2 quokkas
  3 ball pythons (D:1)
  2 bats
  A frilled lizard (D:1)
  7 goblins
  A rat (D:1)
25 creatures vanquished.

Notes
Turn   | Place    | Note
-------+----------+-------------------------------------------
     0 | D:1      | qw the Gargoyle Hexslinger began the quest for the Orb.
     0 | D:1      | Reached XP level 1. HP: 12/12 MP: 2/2
     0 | D:1      | 0 ||| qw: Version: 0.3-a-46-gb1f654a
     0 | D:1      | 0 ||| qw: Game counter: 879
     0 | D:1      | 0 ||| qw: Melee chars always use a shield: true
     0 | D:1      | 0 ||| qw: God list: Okawaru
     0 | D:1      | 0 ||| qw: Allow faded altars: false
     0 | D:1      | 0 ||| qw: Do Orc after clearing Dungeon:15 true
     0 | D:1      | 0 ||| qw: Do second Lair branch before Depths: true
     0 | D:1      | 0 ||| qw: Lair rune preference: random
     0 | D:1      | 0 ||| qw: Goals: Normal
     0 | D:1      | 0 ||| PLANNING D:1-11
   259 | D:1      | Reached XP level 2. HP: 16/16 MP: 3/3
   307 | D:1      | 307 ||| FLEEEEING.
   308 | D:1      | 308 ||| FLEEEEING.
   322 | D:1      | Reached skill level 3 in Ranged Weapons
   444 | D:1      | Found Nuiwn's Armour Shop.
   452 | D:1      | 452 ||| SHOPLISTING +0 leather armour (20 gold, have 19).
   452 | D:1      | 452 ||| SHOPLISTING +0 pair of boots (45 gold, have 19).
   452 | D:1      | 452 ||| SHOPLISTING +0 ring mail (40 gold, have 19).
   452 | D:1      | 452 ||| SHOPLISTING scarf of repulsion (120 gold, have 19).
   778 | D:1      | 778 ||| UPGRADING to +6 ring of strength.
   779 | D:1      | 779 ||| READING scroll labelled SAKORGH PAEPUIV.
   780 | D:1      | 780 ||| READING scroll labelled FOOZYI NOMOEKH.
   781 | D:1      | 781 ||| READING scroll labelled GUMUOJ HYDOU.
   782 | D:1      | 782 ||| DROPPING scroll of poison.
   842 | D:2      | HP: 4/16 [goblin/+0 dagger (2)]
   843 | D:2      | Reached XP level 3. HP: 5/21 MP: 4/4
  1222 | D:2      | Noticed Sigmund
  1235 | D:2      | HP: 2/21 [Sigmund/+0 scythe (9)]
  1236 | D:2      | 1236 ||| READING scroll labelled BAWUOV MUTTAWECH.
  1236 | D:2      | Killed from afar by Sigmund

Levels and vault maps discovered:
D:1:      minmay_arrival_radiant_lines, layout_basic, serial_shops, shop,
          roderic_roman_lattice, hangedman_abyss_or_decor_stabs, st_stairs_13
D:2:      layout_basic, serial_shops, nicolae_shop_statue_plus,
          chequers_decorated_corner, minmay_misc_feat_doors, uniq_sigmund

Skill      XL: |  1  2 |
---------------+-------+-----
Ranged Weapons | 3 |  3.5
Fighting       | 2 |  2.1
Dodging        | |  1.5
Spellcasting   | |  1.0
Hexes          | |  2.6

Action                     || total
---------------------------++-------
   Fire: Sling             ||    97
    Use: Scroll            ||     4
 Armour: Robe              ||    20
  Dodge: Dodged            ||    43

Table legend:
 A = Non-vault XP
 B = Vault XP
 C = Vault XP percentage of total XP
 D = Non-vault monster count
 E = Vault monster count
 F = Vault count percentage of total count
                 A         B        C        D         E       F
            +---------+---------+-------+---------+---------+-------
      Total |      71 |       1 |   1.4 |      24 |       1 |   4.0
            +---------+---------+-------+---------+---------+-------
        D:1 |      27 |       1 |   3.6 |      16 |       1 |   5.9
        D:2 |      44 |       0 |   0.0 |       8 |       0 |   0.0
            +---------+---------+-------+---------+---------+-------
